[Event "Titled Tuesday Blitz November 29 Early 2022"]
[White "Ibarra Jerez, Jose Carlos"]
[Black "Deac, Bogdan-Daniel"]
[WhiteFideId "2226332"]
[BlackFideId "1226380"]
[WhiteElo "2935"]
[BlackElo "3053"]
[Result "1/2-1/2"]
[Round "09"]
[TimeControl "180+1"]
[Date "2022.11.29"]
[WhiteClock "0:00:08"]
[BlackClock "0:00:11"]

1. e4 c6 2. Nf3 d5 3. d3 Nd7 4. g3 dxe4 5. dxe4 e5 6. Bg2 Ngf6 7. O-O Bc5 8. Qe2 O-O 9. a4 a5 10. Nbd2 b6 11. Nc4 Ba6 12. b3 Qe7 13. Rd1 Ng4 14. Rf1 Rad8 15. Nh4 Ngf6 16. Nf5 Qe6 17. Bb2 Bxc4 18. bxc4 g6 19. Nh4 Nh5 20. Nf3 f6 21. Rfd1 Nb8 22. Ne1 Ng7 23. Bf1 Qe7 24. Nd3 Ne6 25. c3 Rd7 26. Bh3 Na6 27. Bc1 Rfd8 28. Kg2 Rd6 29. Nb2 Rxd1 30. Nxd1 Ng5 31. Bg4 h5 32. Bf3 Nxf3 33. Qxf3 Qe6 34. Qe2 Qg4 35. f3 Qd7 36. Nf2 Bxf2 37. Qxf2 Nc5 38. Be3 Qd6 39. Rb1 Nxa4 40. Qa2 Nc5 41. Rxb6 a4 42. Qa3 Nxe4 43. Qxa4 Qd3 44. Qxc6 Qxe3 45. Qxe4 Qxe4 46. fxe4 Rd2+ 47. Kf3 Kf7 48. h4 Rc2 49. Rb7+ Ke6 50. Rb6+ Ke7 51. Rb7+ Kd6 52. Rb6+ Ke7 53. Rb7+ Kd8 54. Rf7 Rxc3+ 55. Kf2 Rc2+ 56. Kf3 Rc3+ 57. Kg2 Rc2+ 58. Kh3 Rf2 59. Rg7 f5 60. Rxg6 fxe4 61. Rg5 e3 62. Rxe5 e2 63. g4 Rf3+ 64. Kg2 hxg4 65. h5 Rh3 66. Rxe2 Rxh5 67. Kg3 Rc5 68. Re4 Kc7 69. Kxg4 Kd6 70. Kf4 Rh5 71. Ke3 Kc5 72. Kd3 Rh3+ 73. Kc2 Kb4 74. Rf4 Rc3+ 75. Kd2 Rxc4 76. Rxc4+ Kxc4 1/2-1/2


[Site "https://www.chess.com"]

[Event "Titled Tuesday Blitz November 29 Early 2022"]
[White "Indjic, Aleksandar"]
[Black "Ohanyan, Emin"]
[WhiteFideId "911925"]
[BlackFideId "13312022"]
[WhiteElo "2592"]
[BlackElo "2352"]
[Result "1-0"]
[Round "09"]
[TimeControl "180+1"]
[Date "2022.11.29"]
[WhiteClock "0:01:09"]
[BlackClock "0:00:19"]

1. e4 e5 2. Nf3 Nc6 3. Bb5 f5 4. d3 fxe4 5. dxe4 Nf6 6. Qd3 Bc5 7. Bg5 d6 8. Nc3 Kf8 9. a3 Nd4 10. Bc4 c6 11. Nxd4 Bxd4 12. O-O-O h6 13. Be3 Bxc3 14. Qxc3 Nxe4 15. Qxe5 Qe7 16. Qf4+ Ke8 17. f3 d5 18. Bxd5 cxd5 19. fxe4 Qxe4 20. Qg3 Bf5 21. Rd2 Rc8 22. Bc5 Qc4 23. Re1+ Be4 24. Qg6+ Kd7 25. Qd6+ 1-0


[Site "https://www.chess.com"]

[Event "Titled Tuesday Blitz November 29 Early 2022"]
[White "Ismayil, Malak"]
[Black "Makhmudov, Shukhrat"]
[WhiteFideId "13412604"]
[BlackFideId "14200775"]
[WhiteElo "1879"]
[BlackElo "2135"]
[Result "1-0"]
[Round "09"]
[TimeControl "180+1"]
[Date "2022.11.30"]
[WhiteClock "0:00:02"]
[BlackClock "0:00:09"]

1. e4 e5 2. Nf3 Nc6 3. Bc4 Nf6 4. d3 Bc5 5. Nc3 h6 6. h3 a6 7. a4 d6 8. O-O O-O 9. Be3 Be6 10. Re1 Bxe3 11. fxe3 d5 12. exd5 Nxd5 13. Bxd5 Bxd5 14. e4 Be6 15. Qd2 Qd6 16. Qf2 Qb4 17. Rab1 Rad8 18. Qg3 Rfe8 19. Kh2 f6 20. Rf1 Nd4 21. Nh4 Nxc2 22. Rxf6 Qd4 23. Rd1 Ne3 24. Rd2 Rf8 25. Rxf8+ Rxf8 26. Qe1 Nf1+ 27. Kh1 Nxd2 28. Qxd2 Rf1+ 29. Kh2 Qg1+ 30. Kg3 Rf4 31. Nf3 Qa1 32. Nxe5 Rf1 33. Nf3 Bf7 34. Ne2 c6 35. Nf4 g5 36. Ne2 Bh5 37. Ned4 c5 38. Nf5 Bxf3 39. gxf3 Rg1+ 40. Kf2 Qf1+ 41. Ke3 Qe1+ 42. Qxe1 Rxe1+ 43. Kd2 Rb1 44. Kc2 Rf1 45. Nxh6+ Kh7 46. Nf7 Kg6 47. Ne5+ Kg7 48. Kc3 b5 49. axb5 axb5 50. b3 Rc1+ 51. Kd2 Rh1 52. Ke3 Rxh3 53. d4 cxd4+ 54. Kxd4 Kf6 55. Nd7+ Ke7 56. Ne5 Ke6 57. b4 Rh1 58. Nd3 Rd1 59. Ke3 Rb1 60. Nc5+ Ke5 61. Nd3+ Kd6 62. Kd4 Rd1 63. Ke3 Rb1 64. Kd2 Rb3 65. Kc2 Ra3 66. Kd2 Ra2+ 67. Ke3 Ra3 68. Kd4 Rb3 69. e5+ Kc7 70. Ke4 Kc6 71. e6 Rb1 72. Kf5 Kd6 73. Ne5 Re1 74. Nf7+ Ke7 75. Nxg5 Re3 76. f4 Rb3 77. Ne4 Rxb4 78. Nf2 Rb2 79. Ng4 Rb4 80. Ne5 Rd4 81. Nc6+ Kd6 82. Nxd4 b4 83. Nb3 Ke7 84. Ke5 Ke8 85. f5 Kf8 86. f6 Ke8 87. Kd6 Kd8 88. f7 Kc8 89. f8=Q+ Kb7 90. Qe7+ Kb6 91. Qc7+ Ka6 92. Qa5+ Kb7 93. Qxb4+ Kc8 94. Qc5+ Kb8 95. Qc7+ Ka8 96. Qd7 Kb8 97. Nc5 Ka8 98. e7 Kb8 99. Kc6 Ka8 100. Qb7# 1-0


[Site "https://www.chess.com"]

[Event "Titled Tuesday Blitz November 29 Early 2022"]
[White "Ivic, Velimir"]
[Black "Abasov, Nijat"]
[WhiteFideId "950122"]
[BlackFideId "13402960"]
[WhiteElo "2625"]
[BlackElo "2546"]
[Result "0-1"]
[Round "09"]
[TimeControl "180+1"]
[Date "2022.11.29"]
[WhiteClock "0:00:05"]
[BlackClock "0:00:16"]

1. d4 Nf6 2. c4 e6 3. Nf3 b6 4. g3 Bb7 5. Bg2 Be7 6. O-O O-O 7. Re1 Ne4 8. Nfd2 d5 9. cxd5 exd5 10. Nxe4 dxe4 11. Nc3 f5 12. Bf4 a6 13. Rc1 Bd6 14. Qd2 h6 15. Red1 Nc6 16. Nd5 Bxf4 17. Nxf4 Qd6 18. Qc3 Rf7 19. a3 Rc8 20. e3 Ne7 21. Bf1 Kh7 22. Bc4 Rf6 23. h4 g5 24. hxg5 hxg5 25. Nh3 Kg6 26. Kg2 Nd5 27. Qc2 Rh8 28. Bxd5 Bxd5 29. Qxc7 Qe6 30. Rh1 Rff8 31. Qa7 f4 32. gxf4 Qg4+ 33. Kf1 Rxh3 34. Rg1 Bc4+ 35. Rxc4 Qd1+ 36. Kg2 Qf3+ 37. Kf1 Qd1+ 38. Kg2 Rg3+ 39. Kxg3 Qxg1+ 0-1


[Site "https://www.chess.com"]

[Event "Titled Tuesday Blitz November 29 Early 2022"]
[White "Jakubowski, Krzysztof"]
[Black "Ilkhomi, Jaloliddin"]
[WhiteFideId "1112848"]
[BlackFideId "14700948"]
[WhiteElo "2373"]
[BlackElo "2045"]
[Result "1-0"]
[Round "09"]
[TimeControl "180+1"]
[Date "2022.11.30"]
[WhiteClock "0:00:45"]
[BlackClock "0:00:01"]

1. e4 e6 2. d4 d5 3. Nc3 Bb4 4. e5 c5 5. a3 Bxc3+ 6. bxc3 Qa5 7. Bd2 Qa4 8. Qb1 c4 9. Nf3 Nc6 10. Be2 Nge7 11. h4 Bd7 12. h5 h6 13. O-O O-O-O 14. Re1 Rdf8 15. Qc1 b6 16. Bf4 Kb7 17. Nh2 f5 18. g3 Rf7 19. Kg2 g5 20. hxg6 Nxg6 21. Bh5 Nxf4+ 22. Qxf4 Rg7 23. Qd2 Ne7 24. Rh1 f4 25. g4 Rd8 26. Nf3 Rf8 27. Nh4 Be8 28. Bxe8 f3+ 29. Kg3 Qxe8 30. Qxh6 Rh8 31. Qxe6 Rg5 32. Nxf3 Nf5+ 33. Qxf5 Rxf5 34. gxf5 Qg8+ 35. Kf4 Kc7 36. Rag1 Qf8 37. f6 Kd8 38. Ng5 Rxh1 39. Rxh1 Qg8 40. Rh8 Qxh8 41. Nf7+ 1-0


[Site "https://www.chess.com"]

[Event "Titled Tuesday Blitz November 29 Early 2022"]
[White "Janaszak, Dawid"]
[Black "Wagner, Dennis"]
[WhiteFideId "1119206"]
[BlackFideId "24650684"]
[WhiteElo "2226"]
[BlackElo "2470"]
[Result "0-1"]
[Round "09"]
[TimeControl "180+1"]
[Date "2022.11.30"]
[WhiteClock "0:00:11"]
[BlackClock "0:00:04"]

1. e4 c5 2. Nc3 Nc6 3. Bb5 g6 4. Bxc6 dxc6 5. d3 Bg7 6. Be3 b6 7. Qd2 Qc7 8. Nge2 e5 9. O-O Nf6 10. Bh6 O-O 11. Bxg7 Kxg7 12. f4 exf4 13. Nxf4 Qe5 14. Kh1 Bd7 15. Rae1 Rae8 16. b3 h5 17. Nd1 h4 18. Qc3 g5 19. Qxe5 Rxe5 20. Ne2 Ng4 21. h3 Nh6 22. Ne3 f5 23. Nc4 Re7 24. Nc3 f4 25. Nd2 Nf7 26. Nf3 Kg6 27. Rf2 Rfe8 28. Ref1 Nh6 29. a4 a5 30. Nd2 Be6 31. Nc4 Bxc4 32. bxc4 Nf7 33. Rb1 Rb8 34. Kg1 Ne5 35. Kf1 Reb7 36. Ke2 Kf6 37. Kd2 Nd7 38. Rff1 Ke5 39. Rf2 Nf6 40. Rbf1 Nh5 41. Rb1 Ng3 42. Ne2 b5 43. cxb5 cxb5 44. axb5 Rxb5 45. Ra1 Ra8 46. Nc3 Rb4 47. Nd5 Rb7 48. Ra4 Rb1 49. Rc4 a4 50. Rxc5 Kd6 51. Rc4 a3 52. Nc3 a2 53. Rd4+ Ke6 54. Nxa2 Rxa2 55. Rc4 Nf1+ 56. Kc3 Ne3 57. Rc6+ Kd7 58. Rg6 Nd1+ 59. Kd4 Ra4+ 60. Ke5 Ra5+ 61. Kd4 Rb4+ 62. c4 Nxf2 63. Rg7+ Ke6 64. Rg6+ Kf7 65. Rh6 Rb3 66. e5 Rxd3# 0-1


[Site "https://www.chess.com"]

[Event "Titled Tuesday Blitz November 29 Early 2022"]
[White "Jiganchine, Roman"]
[Black "Czopor, Maciej"]
[WhiteFideId "2603667"]
[BlackFideId "21805431"]
[WhiteElo "2331"]
[BlackElo "2324"]
[Result "0-1"]
[Round "09"]
[TimeControl "180+1"]
[Date "2022.11.30"]
[WhiteClock "0:00:04"]
[BlackClock "0:01:54"]

1. e4 c6 2. d4 g6 3. h4 h5 4. c4 Bg7 5. Ne2 d6 6. Nbc3 a6 7. a4 a5 8. Be3 Na6 9. Qd2 Nb4 10. f3 Qc7 11. Nc1 e5 12. d5 Nf6 13. N1a2 Nd7 14. Nxb4 axb4 15. Ne2 Nc5 16. Bxc5 dxc5 17. d6 Qd8 18. b3 Bh6 19. Qd3 Be6 20. g3 Qf6 21. Kf2 Rd8 22. Rd1 O-O 23. Bh3 Bxh3 24. Rxh3 Rd7 25. Kg2 Rfd8 26. Qc2 Rxd6 27. Rxd6 Rxd6 28. f4 exf4 29. gxf4 Qd8 30. e5 Rd2 31. Qe4 Bxf4 0-1


[Site "https://www.chess.com"]

[Event "Titled Tuesday Blitz November 29 Early 2022"]
[White "Jobava, Baadur"]
[Black "Bortnyk, Olexandr"]
[WhiteFideId "13601520"]
[BlackFideId "14120828"]
[WhiteElo "3054"]
[BlackElo "3047"]
[Result "0-1"]
[Round "09"]
[TimeControl "180+1"]
[Date "2022.11.29"]
[WhiteClock "0:00:02"]
[BlackClock "0:00:02"]

1. e4 Nf6 2. Nc3 d5 3. e5 Nfd7 4. f4 d4 5. Ne4 f5 6. Ng5 Nb6 7. a4 a5 8. Ra3 g6 9. Rh3 h6 10. b3 e6 11. Bb2 c5 12. Bb5+ Nc6 13. Ne2 Bd7 14. Nc1 Bg7 15. Nf3 Qe7 16. Nd3 Nb4 17. Bxd7+ Kxd7 18. Ba3 Nxd3+ 19. cxd3 Nd5 20. Nxd4 Nxf4 21. Qf3 Nd5 22. Nb5 Bxe5 23. d4 Bd6 24. O-O Rac8 25. Qe2 Ke8 26. Re1 Kf7 27. Qf2 Nf6 28. Rf3 Bxh2+ 29. Kf1 Ng4 30. Qe2 Bd6 31. Kg1 Rhd8 32. Qc4 Rc6 33. d5 Qh4 34. g3 Qh2+ 35. Kf1 Bxg3 36. dxe6+ Kg7 37. Qc3+ Kh7 38. e7 Re8 0-1


[Site "https://www.chess.com"]

[Event "Titled Tuesday Blitz November 29 Early 2022"]
[White "Kamsky, Gata"]
[Black "Sadhwani, Raunak"]
[WhiteFideId "2000024"]
[BlackFideId "35093487"]
[WhiteElo "2872"]
[BlackElo "2992"]
[Result "1/2-1/2"]
[Round "09"]
[TimeControl "180+1"]
[Date "2022.11.29"]
[WhiteClock "0:00:19"]
[BlackClock "0:00:09"]

1. d4 Nf6 2. Bf4 d5 3. e3 e6 4. Nf3 Bd6 5. Bxd6 Qxd6 6. c4 dxc4 7. Nc3 a6 8. Bxc4 b5 9. Be2 Bb7 10. O-O Nbd7 11. Rc1 O-O 12. a3 Qe7 13. b4 c6 14. Qc2 a5 15. Qb3 axb4 16. axb4 Nd5 17. Nxd5 exd5 18. Ra1 h6 19. Rfc1 Rfe8 20. Ne1 Nb6 21. Nd3 Nc4 22. Nc5 Nd6 23. Qc3 g6 24. h3 Rxa1 25. Rxa1 Bc8 26. Ra8 Qg5 27. Kh2 Qf6 28. Kg1 Qg5 29. Kh2 Kg7 30. Ra7 Qf6 31. Kg1 Qg5 32. Kh2 Qf6 33. Kg1 Bf5 34. Ra6 Rc8 35. Bd3 h5 36. Bxf5 Qxf5 37. Qd3 Qg5 38. Qe2 Qf5 39. Ra1 Re8 40. Qf3 Qxf3 41. gxf3 Rc8 42. f4 Kf6 43. Kg2 Kf5 44. Kf3 Ne4 45. Nd3 f6 46. Kg2 h4 47. Ra6 Ke6 48. Kf3 Kf5 49. Kg2 Ke6 50. Kf3 Kf5 51. Kg2 1/2-1/2


[Site "https://www.chess.com"]

[Event "Titled Tuesday Blitz November 29 Early 2022"]
[White "Kiseljova, Marya"]
[Black "Fajdetic, Hrvoje"]
[WhiteFideId "4155009"]
[BlackFideId "14501945"]
[WhiteElo "1907"]
[BlackElo "2172"]
[Result "1-0"]
[Round "09"]
[TimeControl "180+1"]
[Date "2022.11.30"]
[WhiteClock "0:00:57"]
[BlackClock "0:00:17"]

1. d4 d6 2. Nf3 Nd7 3. e4 e5 4. dxe5 dxe5 5. Bc4 Be7 6. Qd5 Bb4+ 7. c3 Qe7 8. cxb4 Nb6 9. Qd3 Qxb4+ 10. Nbd2 Nf6 11. O-O O-O 12. Nxe5 Nxc4 13. Nexc4 Be6 14. b3 Rad8 15. Qf3 b5 16. Ba3 Qxd2 17. Nxd2 Rxd2 18. Bxf8 1-0


[Site "https://www.chess.com"]

[Event "Titled Tuesday Blitz November 29 Early 2022"]
[White "Kleiman, Jake"]
[Black "Pakleza, Zbigniew"]
[WhiteFideId "2020041"]
[BlackFideId "1119290"]
[WhiteElo "2632"]
[BlackElo "2411"]
[Result "0-1"]
[Round "09"]
[TimeControl "180+1"]
[Date "2022.11.30"]
[WhiteClock "0:00:26"]
[BlackClock "0:00:43"]

1. e4 d6 2. d4 Nf6 3. Nc3 c6 4. f4 Qb6 5. e5 Nd5 6. Nxd5 cxd5 7. c3 Bf5 8. Nf3 e6 9. Be2 Nc6 10. O-O Be7 11. Kh1 h6 12. Qe1 O-O-O 13. b4 Kb8 14. a4 Qc7 15. Be3 Rc8 16. Qd2 Be4 17. Rfc1 g5 18. a5 f6 19. exf6 Bxf6 20. c4 Qg7 21. b5 gxf4 22. Bxf4 Nxd4 23. Bxd6+ Ka8 24. a6 b6 25. cxd5 Bxd5 26. Rxc8+ Rxc8 27. Rc1 Rg8 28. Bc7 0-1


[Site "https://www.chess.com"]

[Event "Titled Tuesday Blitz November 29 Early 2022"]
[White "Koellner, Ruben Gideon"]
[Black "Kezin, Roman"]
[WhiteFideId "12993093"]
[BlackFideId "24124621"]
[WhiteElo "2303"]
[BlackElo "2501"]
[Result "0-1"]
[Round "09"]
[TimeControl "180+1"]
[Date "2022.11.30"]
[WhiteClock "0:00:14"]
[BlackClock "0:01:52"]

1. d4 h5 2. Nf3 h4 3. h3 Nf6 4. Bg5 d5 5. Bxh4 Ne4 6. Nbd2 f6 7. e3 g5 8. Bg3 Nxg3 9. fxg3 g4 10. Ng1 Nc6 11. Bd3 Qd6 12. Kf2 e5 13. c3 Be6 14. Bg6+ Kd7 15. Bd3 Bh6 16. h4 e4 17. Bb5 Bxe3+ 18. Kxe3 Qxg3+ 19. Ngf3 f5 20. Qe1 f4+ 21. Ke2 Qxg2+ 22. Qf2 gxf3+ 23. Nxf3 exf3+ 24. Ke1 Rae8 0-1


[Site "https://www.chess.com"]

[Event "Titled Tuesday Blitz November 29 Early 2022"]
[White "Koridze, Lile"]
[Black "Larina, Maria"]
[WhiteFideId "13612514"]
[BlackFideId "24113182"]
[WhiteElo "2050"]
[BlackElo "1848"]
[Result "1-0"]
[Round "09"]
[TimeControl "180+1"]
[Date "2022.11.30"]
[WhiteClock "0:00:33"]
[BlackClock "0:00:03"]

1. d4 f5 2. c4 Nf6 3. g3 g6 4. Bg2 Bg7 5. Nh3 d6 6. O-O O-O 7. d5 c6 8. Nf4 e5 9. dxe6 Qe7 10. Nc3 Bxe6 11. Nxe6 Qxe6 12. Qd3 Na6 13. Bf4 Rad8 14. Rad1 Nc5 15. Qc2 Qxc4 16. Bxd6 Rfe8 17. e3 Nfe4 18. Bxc5 Qxc5 19. Qb3+ Kh8 20. Nxe4 fxe4 21. Qxb7 Rb8 22. Qd7 Re7 23. Qg4 Bxb2 24. Bxe4 Rb4 25. Qc8+ Kg7 26. Qxc6 Qa5 27. Bg2 Qxa2 28. Qc5 Rbb7 29. Bxb7 Rxb7 30. Qc6 Rf7 31. Rd7 Rxd7 32. Qxd7+ Kh6 33. Rd1 Qb3 34. Qh3+ Kg7 35. Rd7+ Kf6 36. Rd6+ 1-0


[Site "https://www.chess.com"]

[Event "Titled Tuesday Blitz November 29 Early 2022"]
[White "Kulkarni, Vikramaditya"]
[Black "Sargissyan, Sargis"]
[WhiteFideId "5009847"]
[BlackFideId "13303210"]
[WhiteElo "2273"]
[BlackElo "2109"]
[Result "0-1"]
[Round "09"]
[TimeControl "180+1"]
[Date "2022.11.30"]
[WhiteClock "0:01:02"]
[BlackClock "0:00:50"]

1. d4 Nf6 2. Nf3 g6 3. c4 Bg7 4. Nc3 d5 5. Bg5 Ne4 6. cxd5 Nxg5 7. Nxg5 e6 8. Qd2 h6 9. Nf3 exd5 10. e3 O-O 11. Be2 Be6 12. O-O Nd7 13. b4 f5 14. b5 Nf6 15. Na4 Ne4 16. Qc2 f4 17. Bd3 fxe3 18. fxe3 Bf5 19. g3 Qe7 20. Nh4 Nxg3 21. Nxf5 Nxf5 22. Rae1 Qg5+ 23. Kh1 Nxe3 24. Rxf8+ Rxf8 25. Qd2 Bxd4 26. Bb1 Qf4 27. Rg1 Qf3+ 28. Rg2 Qf1+ 29. Rg1 Qxg1+ 30. Kxg1 Rf1# 0-1


[Site "https://www.chess.com"]

[Event "Titled Tuesday Blitz November 29 Early 2022"]
[White "Kuznetsova, Olga"]
[Black "Zaksaite, Salomeja"]
[WhiteFideId "4191323"]
[BlackFideId "12801496"]
[WhiteElo "2134"]
[BlackElo "2079"]
[Result "0-1"]
[Round "09"]
[TimeControl "180+1"]
[Date "2022.11.30"]
[WhiteClock "0:00:19"]
[BlackClock "0:00:07"]

1. d4 Nf6 2. g3 d5 3. Bg2 g6 4. Nf3 Bg7 5. O-O O-O 6. h3 c5 7. dxc5 Na6 8. Ne5 Nxc5 9. c3 Be6 10. Be3 Nce4 11. Bd4 Qc8 12. Kh2 Rd8 13. Nd2 Nd6 14. Ndf3 Nf5 15. Ng5 Ne4 16. Rc1 Nxg5 17. f3 Nxg3 18. Kxg3 Bxh3 19. Rh1 Bxg2 20. Kxg2 Qf5 21. Ng4 h5 22. Bxg7 Kxg7 23. Qd4+ f6 24. Nf2 Ne6 25. Qd2 Nf4+ 26. Kf1 e5 27. Rd1 d4 28. c4 Rac8 29. b3 b5 30. Rc1 bxc4 31. bxc4 Rb8 32. Ne4 g5 33. Ng3 Qg6 34. Kf2 h4 35. Ne4 f5 36. Nxg5 Kf6 37. Rcg1 Qh5 38. Nh3 Nxh3+ 39. Rxh3 d3 40. exd3 Rd4 41. Rh2 Rbd8 42. Rhg2 Rxd3 43. Rg6+ Qxg6 44. Rxg6+ Kxg6 45. Qa5 Rd2+ 46. Ke1 Rd1+ 47. Ke2 R8d2+ 48. Ke3 Rd3+ 49. Ke2 R1d2+ 50. Ke1 Rd1+ 51. Ke2 R3d2+ 52. Ke3 f4+ 53. Ke4 Re2# 0-1


[Site "https://www.chess.com"]

[Event "Titled Tuesday Blitz November 29 Early 2022"]
[White "Kvaloy, Aksel Bu"]
[Black "Barash, Anton"]
[WhiteFideId "1528815"]
[BlackFideId "30935229"]
[WhiteElo "2184"]
[BlackElo "2330"]
[Result "1-0"]
[Round "09"]
[TimeControl "180+1"]
[Date "2022.11.30"]
[WhiteClock "0:01:10"]
[BlackClock "0:00:02"]

1. e4 e6 2. d4 d5 3. Nd2 Nc6 4. Ngf3 Nf6 5. e5 Nd7 6. c3 f6 7. Nh4 g6 8. exf6 Qxf6 9. Ndf3 Bd6 10. Bg5 Qf7 11. Bd3 e5 12. dxe5 Ndxe5 13. Nxe5 Nxe5 14. O-O O-O 15. Bh6 Re8 16. f4 Ng4 17. f5 Nxh6 18. fxg6 Qe7 19. gxh7+ Kg7 20. Qh5 Qe3+ 21. Kh1 Qxd3 22. Qxe8 Bxh2 23. h8=Q# 1-0


[Site "https://www.chess.com"]

[Event "Titled Tuesday Blitz November 29 Early 2022"]
[White "Le, Tuan Minh"]
[Black "Yurasova, Daria"]
[WhiteFideId "12401153"]
[BlackFideId "34146919"]
[WhiteElo "2530"]
[BlackElo "2097"]
[Result "1-0"]
[Round "09"]
[TimeControl "180+1"]
[Date "2022.11.29"]
[WhiteClock "0:01:14"]
[BlackClock "0:00:15"]

1. d4 d5 2. Nf3 Nf6 3. Bf4 Bf5 4. c4 e6 5. Nc3 c6 6. Qb3 Qb6 7. c5 Qxb3 8. axb3 Nbd7 9. b4 Nh5 10. Bd2 Be7 11. h3 Nhf6 12. b5 O-O 13. Bf4 Ne4 14. e3 f6 15. Nh4 Bg6 16. Nxg6 hxg6 17. Nxe4 dxe4 18. Bc4 Kf7 19. bxc6 bxc6 20. Ra6 Rfc8 21. Kd2 g5 22. Bg3 f5 23. Rha1 Nf6 24. Rxa7 Rxa7 25. Rxa7 Rd8 26. Rc7 f4 27. Bh2 Nd5 28. Rxc6 Rb8 29. b3 Ra8 30. Ra6 Rd8 31. g3 f3 32. g4 Rh8 33. Bf1 Nf6 34. Bg3 Rc8 35. Bc4 Nd5 36. b4 Rd8 37. b5 Kf8 38. Rxe6 Bxc5 39. dxc5 Nf4+ 40. Rd6 1-0


[Site "https://www.chess.com"]

[Event "Titled Tuesday Blitz November 29 Early 2022"]
[White "Lehtosaari, Mauri"]
[Black "Yano, William Jorge Froes"]
[WhiteFideId "501999"]
[BlackFideId "2112949"]
[WhiteElo "2483"]
[BlackElo "2122"]
[Result "0-1"]
[Round "09"]
[TimeControl "180+1"]
[Date "2022.11.30"]
[WhiteClock "0:00:01"]
[BlackClock "0:00:07"]

1. d4 Nf6 2. Nf3 c5 3. e3 g6 4. Bd3 Bg7 5. O-O O-O 6. b3 b6 7. Bb2 Bb7 8. Nbd2 d6 9. Rc1 Nbd7 10. c4 Qc7 11. d5 e6 12. e4 e5 13. h3 Nh5 14. Re1 Nf4 15. Bf1 f5 16. g3 fxe4 17. Nxe4 Nh5 18. Nfg5 Rae8 19. Ne6 Qb8 20. Bg2 Ndf6 21. Nxf8 Rxf8 22. Ng5 Bh6 23. Ne6 Bxc1 24. Bxc1 Rf7 25. Bg5 Ng7 26. Qd2 Nfe8 27. g4 Nxe6 28. dxe6 Rf8 29. Bd5 Bxd5 30. Qxd5 Kg7 31. Qd2 Kg8 32. Rd1 Qc8 33. e7 Rf7 34. Qd5 Kg7 35. Rf1 h6 36. Bh4 g5 37. Bg3 Nf6 38. Qd3 Qe6 39. Rd1 Ne8 40. h4 Rxe7 41. hxg5 hxg5 42. Qe2 Qf6 43. f3 Rf7 44. Kg2 Nc7 45. Rh1 Ne8 46. Qe4 Nc7 47. Qh7+ Kf8 48. Qe4 Ke7 49. Qb7 Ke6 50. Qc8+ Rd7 51. Rh7 Qd8 0-1


[Site "https://www.chess.com"]

[Event "Titled Tuesday Blitz November 29 Early 2022"]
[White "Lenderman, Aleksandr"]
[Black "Baskakov, Egor"]
[WhiteFideId "2021285"]
[BlackFideId "24197866"]
[WhiteElo "2607"]
[BlackElo "2211"]
[Result "1/2-1/2"]
[Round "09"]
[TimeControl "180+1"]
[Date "2022.11.29"]
[WhiteClock "0:00:04"]
[BlackClock "0:00:27"]

1. d4 Nf6 2. c4 e6 3. Nf3 d5 4. e3 Ne4 5. Bd3 Be7 6. O-O c6 7. b3 f5 8. Ba3 O-O 9. Bxe7 Qxe7 10. Qc2 Bd7 11. Nc3 Be8 12. Ne5 Nd7 13. Nxd7 Qxd7 14. f3 Nxc3 15. Qxc3 Bg6 16. b4 Rac8 17. a4 h6 18. Qb3 Kh7 19. b5 Qf7 20. f4 Rc7 21. c5 Qe7 22. a5 cxb5 23. a6 Be8 24. axb7 Rxb7 25. Ra6 Kh8 26. Rfa1 g5 27. Rd6 Rg8 28. Qb2 Bf7 29. Raa6 gxf4 30. exf4 Qh4 31. Qf2 Qg4 32. Be2 Qg7 33. c6 Rc7 34. Rd7 Rxd7 35. cxd7 b4 36. Rxa7 Rd8 37. Rb7 b3 38. Qe3 b2 39. Bd3 Bg8 40. Qe5 Qxe5 41. fxe5 f4 42. Kf2 Bh7 43. Bxh7 Kxh7 44. Kf3 Kg6 45. Rxb2 Rxd7 46. Rb6 Kf5 47. Rb8 Ra7 48. Rf8+ Kg5 49. h4+ Kxh4 50. Rxf4+ Kg5 51. Rg4+ Kf5 52. Rf4+ Kg5 53. Rg4+ Kf5 54. Rf4+ Kg5 1/2-1/2


[Site "https://www.chess.com"]

[Event "Titled Tuesday Blitz November 29 Early 2022"]
[White "Levitan, Caleb Levi"]
[Black "Kuchava, Ana"]
[WhiteFideId "14332620"]
[BlackFideId "13605348"]
[WhiteElo "1963"]
[BlackElo "2001"]
[Result "0-1"]
[Round "09"]
[TimeControl "180+1"]
[Date "2022.11.30"]
[WhiteClock "0:00:03"]
[BlackClock "0:00:17"]

1. e4 c5 2. Nf3 d6 3. d4 cxd4 4. Nxd4 Nf6 5. Nc3 Nc6 6. Be3 Ng4 7. Nxc6 bxc6 8. Bf4 Qb6 9. Qd2 Qxb2 10. Rb1 Qa3 11. Bc4 Qc5 12. Bb3 Nxf2 13. Qxf2 Qxc3+ 14. Bd2 Qf6 15. Qe3 e6 16. Ba4 Bd7 17. Bc3 e5 18. Rb7 Be7 19. Rf1 Qh4+ 20. g3 Qg4 21. Kf2 O-O 22. Rxa7 Bg5 23. Qb6 Rxa7 24. Qxa7 Qxe4 25. Re1 Qf5+ 26. Kg1 e4 27. Rf1 Qe6 0-1


[Site "https://www.chess.com"]

[Event "Titled Tuesday Blitz November 29 Early 2022"]
[White "Malka, Samuel"]
[Black "Manon-og, Ramon Jr."]
[WhiteFideId "20643675"]
[BlackFideId "5200776"]
[WhiteElo "2455"]
[BlackElo "2342"]
[Result "1-0"]
[Round "09"]
[TimeControl "180+1"]
[Date "2022.11.30"]
[WhiteClock "0:00:21"]
[BlackClock "0:00:55"]

1. d4 Nf6 2. c4 g6 3. Nc3 d5 4. cxd5 Nxd5 5. e4 Nxc3 6. bxc3 Bg7 7. Nf3 c5 8. Bb5+ Bd7 9. Be2 cxd4 10. cxd4 Nc6 11. O-O Bg4 12. Rb1 O-O 13. d5 Bxf3 14. Bxf3 Nd4 15. Rxb7 Nxf3+ 16. Qxf3 a5 17. Bg5 Re8 18. Rfb1 Qd6 19. g3 Rac8 20. R1b6 Qe5 21. d6 Qxg5 22. d7 Rc1+ 23. Kg2 Rd8 24. Rb8 e6 25. Rxd8+ Qxd8 26. Qf4 Qxd7 27. Qxc1 h5 28. h4 Qd4 29. Qe3 Qa4 30. Rb8+ Kh7 31. Qf3 Qd7 32. e5 Bxe5 33. Rb7 Qd4 34. Qxf7+ Bg7 35. Qxe6 a4 36. Rb6 Qd3 37. Rd6 Qc2 38. Rd7 a3 39. Qe7 Qb2 40. Qxg7+ Qxg7 41. Rxg7+ Kxg7 42. Kf3 Kf6 43. Ke3 g5 44. hxg5+ Kxg5 45. Kf3 Kf5 46. Kg2 Kg4 47. f3+ Kf5 48. Kh3 Ke5 49. Kh4 Kd4 50. f4 Kc3 51. f5 Kb2 52. f6 Kxa2 53. f7 Ka1 54. f8=Q a2 55. Qf1+ Kb2 56. Qf2+ Kb1 57. Qxa2+ Kxa2 58. Kxh5 Kb3 59. g4 Kc4 60. g5 Kd5 61. Kh6 Ke6 62. Kh7 Kf7 63. g6+ Kf8 64. g7+ Kf7 65. g8=Q+ Kf6 66. Qg6+ Ke5 67. Kh6 Kf4 68. Qg5+ Kf3 69. Kg6 Kf2 70. Qg4 Kf1 71. Qg3 Ke2 72. Kf5 Kd2 73. Qf3 Kc2 74. Qe3 Kb2 75. Qd3 Ka2 76. Qb5 Ka1 77. Ke4 Ka2 78. Kd3 Ka3 79. Kc2 Ka2 80. Qb2# 1-0


[Site "https://www.chess.com"]